 Dungeon Crawl Stone Soup version 0.28.0-47-ge53b351184 (webtiles) character file.

Game seed: 8913804141311407413

91 winsomniak the Grasshopper (level 4, -8/40 HPs)
             Began as a Naga Warper on May 2, 2022.
             Mangled by an iguana (12 damage)
             ... on level 4 of the Dungeon.
             The game lasted 00:22:34 (2331 turns).

winsomniak the Grasshopper (Naga Warper)            Turns: 2331, Time: 00:22:34

Health: -8/40      AC:  6    Str: 15    XL:     4   Next: 57%
Magic:  5/7        EV:  9    Int: 14    God:
Gold:   82         SH:  0    Dex: 10    Spells: 4/7 levels left

rFire   . . .      SeeInvis +   g - +2 dagger (speed)
rCold   . . .      Faith    .   (no shield)
rNeg    . . .      Spirit   .   b - +0 leather armour
rPois   +          Reflect  .   (no helmet)
rElec   .          Harm     .   (no cloak)
rCorr   .          Rampage  .   f - +2 pair of gloves
Will    .....                   (no barding)
Stlth   +.........              (no amulet)
HPRegen 0.13/turn               (no ring)
MPRegen 0.10/turn               (no ring)

@: very slightly contaminated, very slow
A: AC +1, large, see invisible, deformed body, poison resistance, slowness 2,
spit poison 1, naga tail 1
a: Spit Poison


You were on level 4 of the Dungeon.
You visited 1 branch of the dungeon, and saw 4 of its levels.

You collected 82 gold pieces.

Inventory:

Hand Weapons
 a - a +0 mace
 e - a +0 hunting sling
 g - a +2 dagger of speed (weapon)
Missiles
 d - 4 boomerangs of dispersal (quivered)
 l - 11 poisoned darts
 p - 68 stones
 q - 19 arrows
 r - 10 bolts
 u - 26 sling bullets
 v - 5 boomerangs
Armour
 b - a +0 leather armour (worn)
 f - a +2 pair of gloves (worn)
 t - a +0 crystal plate armour
Magical Staves
 i - a staff of cold
Scrolls
 c - 3 scrolls of blinking
 j - 4 scrolls of identify {unknown}
 s - a scroll of enchant armour {unknown}
 w - a scroll of amnesia {unknown}
 x - a scroll of summoning {unknown}
Potions
 h - 2 potions of cancellation {unknown}
 k - a potion of haste {unknown}
 m - a potion of attraction {unknown}
 n - a potion of resistance {unknown}
 o - a potion of might {unknown}


   Skills:
 * Level 2.4 Fighting
 + Level 2.2 Maces & Flails
 - Level 1.0 Throwing
 + Level 1.2 Armour
 + Level 2.0 Dodging
 + Level 1.5 Stealth
 + Level 2.3 Spellcasting
 + Level 0.4 Conjurations
 * Level 3.3 Translocations
 + Level 0.6 Fire Magic
 + Level 0.8 Evocations


You had 4 spell levels left.
You knew the following spells:

 Your Spells              Type           Power      Damage    Failure   Level
a - Blink                 Tloc           22%        N/A       11%         2
b - Foxfire               Conj/Fire      12%        2x1d4     22%         1

Your spell library contained the following spells:

 Spells                   Type           Power      Damage    Failure   Level
 Gell's Gravitas          Tloc           11%        N/A       22%         3
 Lesser Beckoning         Tloc           11%        N/A       22%         3
 Teleport Other           Tloc           11%        N/A       22%         3
 Ensorcelled Hibernation  Hex/Ice        2%         N/A       41%         2
 Passwall                 Tmut/Erth      0%         N/A       41%         2
 Swiftness                Air            1%         N/A       65%         3
 Manifold Assault         Tloc           11%        N/A       89%         5


Dungeon Overview and Level Annotations

Branches:
Dungeon (4/15)
 Temple: D:4-7

Altars:
Dithmenos
Fedhas
Hepliaklqana
Okawaru
Qazlal
Ru

Shops:
D:1 =


Innate Abilities, Weirdness & Mutations

Your serpentine skin is tough. (AC +1)
You have supernaturally acute eyesight. (SInv)
Armour fits poorly on your strangely shaped body.
Your system is resistant to poisons. (rPois)
You cover ground very slowly.
You can spit poison.
You have a snake-like lower body.


Message History

The iguana is lightly wounded.
You hit the iguana but do no damage.
The iguana is lightly wounded.
The iguana closely misses you.
You closely miss the iguana.
The iguana is lightly wounded.
The iguana bites you but does no damage.
You hit the iguana.
The iguana is lightly wounded.
You hit the iguana but do no damage.
The iguana is lightly wounded.
The iguana bites you!
You barely miss the iguana.
The iguana is lightly wounded.
The iguana hisses menacingly.
The iguana completely misses you.
You hit the iguana but do no damage.
The iguana is lightly wounded.
The iguana bites you!
Okay, then.
Casting: Foxfire (safe; 22% risk of failure)
Confirm with . or Enter, or press ? or * to list all spells.
You miscast Foxfire.
You are very lightly contaminated with residual magic.
Nothing appears to happen.
The iguana closely misses you.
Casting: Foxfire (safe; 22% risk of failure)
Confirm with . or Enter, or press ? or * to list all spells.
You conjure some foxfire!
The iguana bites you.
Your foxfire dissipates!
The foxfire hits the iguana.
The iguana is lightly wounded.
Throw: 5 boomerangs (disperse)
Press: ? - help, Q - select action, (/) - cycle Shift-Dir - straight line, f - iguana
Aim: an iguana (lightly wounded, 60% to hit)
You throw a boomerang of dispersal.
The boomerang of dispersal barely misses the iguana.
The iguana bites you!
* * * LOW HITPOINT WARNING * * *
The iguana bites you!
You die...

##..#
#.<.##
+....#
#....+
#.).##
#...#
#.###
#...#
#@ยง.#
#l..#
##..#
#...#
#.......[#
#........#
######).##
..# ...


You could see an iguana.

Vanquished Creatures
  2 adders
  A worm (D:2)
  An orc (D:3)
  6 bats
  3 endoplasms
  5 giant cockroaches
  6 goblins
  5 hobgoblins
  4 jackals (D:2)
  5 quokkas
  8 ball pythons
  5 frilled lizards
  5 kobolds
  9 rats
65 creatures vanquished.

Vanquished Creatures (others)
  6 foxfires
  2 fungi (D:1)
  2 plants (D:1)
10 creatures vanquished.

Grand Total: 75 creatures vanquished

Notes
Turn   | Place    | Note
-------+----------+-------------------------------------------
     0 | D:1      | winsomniak the Naga Warper began the quest for the Orb.
     0 | D:1      | Reached XP level 1. HP: 19/19 MP: 3/3
    15 | D:1      | Reached skill level 1 in Throwing
   183 | D:1      | Reached XP level 2. HP: 25/26 MP: 5/5
   185 | D:1      | Found Wyneibud's Jewellery Shop.
   191 | D:1      | Reached skill level 1 in Stealth
   287 | D:1      | Reached skill level 1 in Armour
   316 | D:1      | Found a faded altar of an unknown god.
   348 | D:1      | Reached XP level 3. HP: 29/32 MP: 6/6
   354 | D:1      | Got Plato's Disquisition on Arcane Weapons
   358 | D:1      | Learned a level 2 spell: Blink
   360 | D:1      | Learned a level 1 spell: Foxfire
  1003 | D:2      | Reached XP level 4. HP: 37/40 MP: 7/7
  1592 | D:3      | Found a shadowy altar of Dithmenos.
  1594 | D:3      | Found a stormy altar of Qazlal.
  1594 | D:3      | Found an iron altar of Okawaru.
  1595 | D:3      | Found a hazy altar of Hepliaklqana.
  1595 | D:3      | Found a sacrificial altar of Ru.
  2056 | D:3      | Found a blossoming altar of Fedhas.
  2331 | D:4      | Mangled by an iguana

Illustrated notes

Levels and vault maps discovered:
D:1:      ebering_trefoil_twist, layout_loops_ring, serial_shops, shop,
          shapermc_ecumenical_altar_rom_forum
D:2:      layout_basic, supply_closet_lemuel, minmay_fractal_squares_5
D:3:      layout_basic, lemuel_round_altar, grunt_temple_overflow_open
D:4:      layout_gridville

Skill      XL: |  1  2  3 |
---------------+----------+-----
Throwing       | 1 |  1.0
Stealth        | 1 |  1.5
Armour         | 1 |  1.2
Dodging        | 2 |  2.0
Fighting       | |  2.4
Maces & Flails | |  2.2
Spellcasting   | |  2.3
Conjurations   | |  0.4
Translocations | |  3.3
Fire Magic     | |  0.6
Evocations     | |  0.8

Action                   |  1- 3 |  4- 6 || total
-------------------------+-------+-------++-------
Melee: Mace              |     7 |       ||     7
       Dagger            |   139 |   105 ||   244
       Punch             |     1 |     2 ||     3
 Fire: Hunting sling     |       |     4 ||     4
Throw: Stone             |       |    10 ||    10
       Boomerang         |       |     1 ||     1
 Cast: Foxfire           |     3 |     1 ||     4
 Stab: Sleeping          |       |     1 ||     1
Armor: Leather armour    |    57 |    27 ||    84
Dodge: Dodged            |    49 |    32 ||    81
